 Dungeon Sprint DCSS version 0.23.0-3-gf3c87f2 (webtiles) character file.

Game seed: 16678767345097023161

487554 inmateoo the Naga Porcupine (level 19, 211/211 HPs)
             Began as a Naga Transmuter on Feb 21, 2019.
             Was the Champion of Cheibriados.
             Escaped with the Orb!
             The game lasted 00:25:03 (2923 turns).

inmateoo the Naga Porcupine (Naga Transmuter)       Turns: 2923, Time: 00:25:04

Health: 211/211    AC: 44    Str: 27    XL:     19   Next: 96%
Magic:  41/41      EV:  9    Int: 50    God:    Cheibriados [******]
Gold:   9          SH: 37    Dex: 27    Spells: 2/55 levels left

rFire    + + +     SeeInvis +   G - +14 lance "Wyrmbane" {slay drac, rPois rF+ rC+ AC+3}
rCold    + + +     Gourm    .   F - +18 shield of the Gong {rElec rN+ MR+ EV-5}
rNeg     + + +     Faith    .   H - +9 gold dragon scales
rPois    +         Spirit   .   R - +0 helmet "Eriv Suu" {rC+ rN++} (curse)
rElec    +         Reflect  .   P - +1 cloak of Starlight {rElec rC+ EV+4 Stlth--}
rCorr    .         Harm     .   (no gloves)
MR       +++..     NoTele   +   g - +0 naga barding {Fly}
Stlth    ..........             b - amulet of Qufadd {rF+ Regen+ Str+2 Slay+5}
HPRegen  0.85/turn              C - ring of Tosurr {rElec Str-4 Int+9 Stlth-}
MPRegen  0.27/turn              B - +6 ring of intelligence

@: flying, very slow
A: large, see invisible, deformed body, poison resistance, slowness 2, slow
metabolism 1, spit poison 1, constrict 1, AC +6
0: Orb of Zot
a: Spit Poison, Bend Time, Temporal Distortion, Slouch, Step From Time, Renounce
Religion, Stop Flying


You escaped.
You worshipped Cheibriados.
Cheibriados was exalted by your worship.
You were not hungry.

You visited 1 branch You collected 9 gold pieces.

Inventory:

Hand Weapons
 G - the +14 lance "Wyrmbane" (weapon) {slay drac, rPois rF+ rC+ AC+3}
   (You found it in the Dungeon)

   It affects your AC (+3).
   It protects you from fire.
   It protects you from cold.
   It protects you from poison.
 Q - the cursed +3 hand axe of Kismet {venom, *Rage rPois MR+++ Str-3}
   (You found it in the Dungeon)

   It poisons the flesh of those it strikes.
   It affects your strength (-3).
   It protects you from poison.
   It affects your resistance to hostile enchantments.
   It may make you go berserk in combat.
   It has a curse placed upon it.
Missiles
 a - 1200 arrows
 T - a throwing net (quivered)
Armour
 g - a +0 naga barding of flying (worn)
 F - the +18 shield of the Gong (worn) {rElec rN+ MR+ EV-5}
   (You found it in the Dungeon)

   It affects your evasion (-5).
   It insulates you from electricity.
   It protects you from negative energy.
   It affects your resistance to hostile enchantments.
 H - +9 gold dragon scales (worn)
 P - the +1 cloak of Starlight (worn) {rElec rC+ EV+4 Stlth--}
   (You found it in the Dungeon)

   It affects your evasion (+4).
   It protects you from cold.
   It insulates you from electricity.
   It makes you much less stealthy.
 R - the cursed +0 helmet "Eriv Suu" (worn) {rC+ rN++}
   (You found it in the Dungeon)

   It protects you from cold.
   It greatly protects you from negative energy.
   It has a curse placed upon it.
 W - the +0 hat of Hopscotch {rF+++ rCorr Dex-2}
   (You found it in the Dungeon)

   It affects your dexterity (-2).
   It renders you almost immune to fire.
   It provides partial protection from all sources of acid and corrosion.
Magical Staves
 y - an uncursed staff of energy
Jewellery
 b - the amulet of Qufadd (around neck) {rF+ Regen+ Str+2 Slay+5}
   (You found it in the Dungeon)

   [amulet of regeneration]

   It affects your strength (+2).
   It affects your accuracy and damage with ranged weapons and melee attacks
   (+5).
   It protects you from fire.
   It increases your rate of regeneration.
 i - the ring of the Postmodern Suns {rC+ rN+ AC+3}
   (You found it in the Dungeon)

   [ring of protection]

   It affects your AC (+3).
   It protects you from cold.
   It protects you from negative energy.
 w - the ring "Ubboish" {rC+ Dex+6}
   (You found it in the Dungeon)

   [ring of protection from cold]

   It affects your dexterity (+6).
   It protects you from cold.
 z - the macabre finger necklace {rN+}
   (You found it in the Dungeon)

   [amulet of nothing]

   It protects you from negative energy.
 A - a +6 ring of dexterity
 B - a +6 ring of intelligence (right hand)
 C - the ring of Tosurr (left hand) {rElec Str-4 Int+9 Stlth-}
   (You found it in the Dungeon)

   [ring of attention]

   It affects your strength (-4).
   It affects your intelligence (+9).
   It insulates you from electricity.
   It makes you less stealthy.
 D - a +6 ring of strength
 E - the ring "Ypti" {rCorr +Fly rF- rC++ Stlth+}
   (You found it in the Dungeon)

   [ring of resist corrosion]

   It makes you vulnerable to fire.
   It greatly protects you from cold.
   It lets you fly.
   It makes you more stealthy.
 N - the ring of the Exiled Spirits {+Fly rC+}
   (You found it in the Dungeon)

   [ring of flight]

   It protects you from cold.
   It lets you fly.
 V - an uncursed ring of protection from fire
 X - the ring "Hewox" {rPois Str+3}
   (You took it off a spriggan air mage in the Dungeon)

   [ring of poison resistance]

   It affects your strength (+3).
   It protects you from poison.
Wands
 v - a wand of disintegration (17)
 x - a wand of acid (4)
 M - a wand of polymorph (11)
 Y - a wand of digging (8)
Scrolls
 j - 4 scrolls of blinking
 p - 4 scrolls of amnesia
 q - 8 scrolls of fog
 r - 2 scrolls of holy word
 s - 2 scrolls of identify
 t - 5 scrolls of remove curse
 u - 2 scrolls of fear
 K - 6 scrolls of brand weapon
Potions
 c - 2 potions of brilliance
 e - 10 potions of curing
 f - 18 potions of heal wounds
 h - 5 potions of magic
 k - 2 potions of invisibility
 l - 4 potions of resistance
 n - 5 potions of agility
 o - 13 potions of might
 S - a potion of ambrosia
 Z - a potion of mutation
Miscellaneous
 m - a phial of floods
 I - a lamp of fire
 J - a fan of gales
 L - 8 boxes of beasts
 O - 5 phantom mirrors
 U - 7 sacks of spiders
Comestibles
 d - 5 rations


   Skills:
 + Level 22.5 Fighting
 O Level 27 Polearms
 + Level 16.2 Armour
 - Level 11.0 Dodging
 * Level 23.0 Shields
 - Level 3.0 Unarmed Combat
 + Level 18.9 Spellcasting
 - Level 7.4 Necromancy
 - Level 7.4 Transmutations
 * Level 24.5 Air Magic
 + Level 19.5 Earth Magic
 - Level 20.0 Invocations
 - Level 12.0 Evocations


You had 2 spell levels left.
You knew the following spells:

 Your Spells              Type           Power        Failure   Level  Hunger
a - Beastly Appendage     Tmut           ######       1%          1    None
b - Borgnjor's Vile Clut  Necr/Erth      ########..   1%          5    None
c - Blink                 Tloc           N/A          10%         2    None
d - Summon Forest         Summ/Tloc      #####.....   88%         5    None
e - Tornado               Air            ########..   28%         9    ##.....
f - Deflect Missiles      Chrm/Air       ########..   6%          6    None
g - Summon Lightning Spi  Summ/Air       ########     1%          4    None
h - Regeneration          Chrm/Necr      ######....   4%          3    None
i - Statue Form           Tmut/Erth      ########.    4%          6    None
j - Spectral Weapon       Hex/Chrm       #####...     21%         3    None
k - Shatter               Erth           ########..   91%         9    ##.....

Your spell library contained the following spells:

 Spells                   Type           Power        Failure   Level  Hunger
 Sandblast                Erth           ######       0%          1    None
 Animate Skeleton         Necr           N/A          1%          1    None
 Pain                     Necr           ####         1%          1    None
 Shock                    Conj/Air       ####         1%          1    None
 Corpse Rot               Necr           N/A          1%          2    None
 Passwall                 Tmut/Erth      ########     1%          2    None
 Poisonous Vapours        Pois/Air       ######       1%          2    None
 Sticks to Snakes         Tmut           #######.     1%          2    None
 Sublimation of Blood     Necr           #######...   1%          2    None
 Swiftness                Chrm/Air       ########     1%          2    None
 Apportation              Tloc           #####.       7%          1    None
 Confusing Touch          Hex            #####.       7%          1    None
 Corona                   Hex            #####..      7%          1    None
 Flame Tongue             Conj/Fire      #####        7%          1    None
 Freeze                   Ice            ####         7%          1    None
 Infusion                 Chrm           ####         7%          1    None
 Magic Dart               Conj           ####         7%          1    None
 Sting                    Conj/Pois      ####         7%          1    None
 Summon Butterflies       Summ           #####...     7%          1    None
 Summon Small Mammal      Summ           ####         7%          1    None
 Call Imp                 Summ           #####...     10%         2    None
 Ensorcelled Hibernation  Hex/Ice        #####.       10%         2    None
 Searing Ray              Conj           #####.       10%         2    None
 Shroud of Golubria       Chrm/Tloc      #####.....   10%         2    None
 Slow                     Hex            #####...     10%         2    None
 Song of Slaying          Chrm           #####...     10%         2    None
 Throw Flame              Conj/Fire      #####.       10%         2    None
 Airstrike                Air            ########..   0%          4    None
 Mephitic Cloud           Conj/Pois/Air  #######.     1%          3    None
 Static Discharge         Conj/Air       ########     1%          3    None
 Stone Arrow              Conj/Erth      ######       1%          3    None
 Vampiric Draining        Necr           #######...   1%          3    None
 Leda's Liquefaction      Hex/Erth       #######...   1%          4    None
 Petrify                  Tmut/Erth      ########     1%          4    None
 Lee's Rapid Deconstruct  Erth           ########..   1%          5    None
 Lightning Bolt           Conj/Air       ########..   1%          5    None
 Silence                  Hex/Air        ########..   1%          5    None
 Animate Dead             Necr           N/A          3%          4    None
 Spider Form              Tmut/Pois      ######....   4%          3    None
 Conjure Ball Lightning   Conj/Air       ########..   6%          6    None
 Ignite Poison            Fire/Tmut/Pois ######..     7%          3    None
 Agony                    Necr           #######.     9%          5    None
 Blade Hands              Tmut           #######...   9%          5    None
 Dispel Undead            Necr           #######.     9%          5    None
 Bolt of Magma            Conj/Fire/Erth #######...   12%         5    None
 Ice Form                 Ice/Tmut       ######..     14%         4    None
 Iron Shot                Conj/Erth      #######...   19%         6    None
 Call Canine Familiar     Summ           #####...     21%         3    None
 Confuse                  Hex            #####...     21%         3    None
 Conjure Flame            Conj/Fire      #####...     21%         3    None
 Dazzling Spray           Conj/Hex       #####.       21%         3    None
 Gell's Gravitas          Tloc           #####.....   21%         3    None
 Inner Flame              Hex/Fire       #####...     21%         3    None
 Lesser Beckoning         Tloc           #####.....   21%         3    None
 Portal Projectile        Hex/Tloc       #####.       21%         3    None
 Recall                   Summ/Tloc      N/A          21%         3    None
 Summon Guardian Golem    Hex/Summ       #####...     21%         3    None
 Teleport Other           Tloc           #####...     21%         3    None
 Tukima's Dance           Hex            #####...     21%         3    None
 Freezing Cloud           Conj/Ice/Air   #######...   34%         6    None
 Alistair's Intoxication  Tmut/Pois      ######..     36%         5    None
 Bolt of Draining         Conj/Necr      ######....   36%         5    None
 Excruciating Wounds      Chrm/Necr      ######....   36%         5    None
 Irradiate                Conj/Tmut      ######....   36%         5    None
 Yara's Violent Unravell  Hex/Tmut       ######....   36%         5    None
 Death Channel            Necr           #######...   43%         6    None
 Hydra Form               Tmut           #######...   43%         6    None
 Cause Fear               Hex            #####.....   54%         4    None
 Force Lance              Conj/Tloc      #####...     54%         4    None
 Fulminant Prism          Conj/Hex       #####.....   54%         4    None
 Iskenderun's Mystic Bla  Conj           #####...     54%         4    None
 Olgreb's Toxic Radiance  Pois           #####...     54%         4    None
 Sticky Flame             Conj/Fire      #####...     54%         4    None
 Summon Ice Beast         Ice/Summ       #####...     54%         4    None
 Throw Icicle             Conj/Ice       #####...     54%         4    None
 Aura of Abjuration       Summ           #####.....   88%         5    None
 Fireball                 Conj/Fire      #####.....   88%         5    None
 Iskenderun's Battlesphe  Conj/Chrm      #####...     88%         5    None
 Metabolic Englaciation   Hex/Ice        #####.....   88%         5    None
 Summon Demon             Summ           #####.....   88%         5    None
 Summon Mana Viper        Hex/Summ       #####...     88%         5    None
 Venom Bolt               Conj/Pois      #####.....   88%         5    None
 Simulacrum               Ice/Necr       ######....   91%         6    None
 Dragon Form              Tmut           #######...   95%         7    None
 Chain Lightning          Conj/Air       ########..   95%         8    None
 Bolt of Cold             Conj/Ice       #####.....   100%        6    None
 Bolt of Fire             Conj/Fire      #####.....   100%        6    None
 Darkness                 Hex            #####.....   100%        6    None
 Invisibility             Hex            #####...     100%        6    None
 Ozocubu's Refrigeration  Ice            #####.....   100%        6    None
 Poison Arrow             Conj/Pois      #####.....   100%        6    None
 Shadow Creatures         Summ           N/A          100%        6    None
 Haunt                    Necr/Summ      ######....   100%        7    None
 Orb of Destruction       Conj           #####.....   100%        7    None
 Ring of Flames           Chrm/Fire      #####.....   100%        7    None
 Spellforged Servitor     Conj/Summ      #####.....   100%        7    None
 Summon Hydra             Summ           #####.....   100%        7    None
 Borgnjor's Revivificati  Necr           #######...   100%        8    None
 Death's Door             Chrm/Necr      ######....   100%        8    None
 Discord                  Hex            #####.....   100%        8    None
 Disjunction              Tloc           #####.....   100%        8    None
 Ignition                 Fire           #####.....   100%        8    None
 Infestation              Necr           #######...   100%        8    None
 Lehudib's Crystal Spear  Conj/Erth      #######...   100%        8    None
 Necromutation            Tmut/Necr      #######...   100%        8    None
 Dragon's Call            Summ           #####.....   100%        9    ##.....
 Fire Storm               Conj/Fire      #####.....   100%        9    ##.....
 Glaciate                 Conj/Ice       #####.....   100%        9    ##.....
 Passage of Golubria      Tloc           Unusable     N/A         4    N/A

Dungeon Overview and Level Annotations

Branches:
Dungeon (1/1)

Altars:
Ashenzari
Cheibriados
Dithmenos
Elyvilon
Fedhas
Gozag
Hepliaklqana
Kikubaaqudgha
Makhleb
Nemelex Xobeh
Okawaru
Qazlal
Ru
Sif Muna
Trog
Uskayaw
Vehumet
Wu Jian
Xom
Yredelemnul
Zin
The Shining One
Beogh
Jiyva
Lugonu


Innate Abilities, Weirdness & Mutations

You cannot wear boots.
Your serpentine skin is tough. (AC +6)
You have supernaturally acute eyesight. (SInv)
Armour fits poorly on your strangely shaped body.
Your system is resistant to poisons. (rPois)
You cover ground very slowly.
You have a slow metabolism.
You can spit poison.
You can use your snake-like lower body to constrict enemies.


Message History

You see here a phial of floods.
Your pack is full.
You see here the amulet of Biydidiy {Faith rN+ Str+2 Dex+2 Slay-2}.
You drop a phantom mirror.
You see here the +3 morningstar "Rieci" {freeze, +Fly rF+ MR- Int+3}.
You see here 2 potions of might.
There is a transporter here.
An exit appears before you!
You enter the transporter and appear at another place.
Found the Orb of Zot.
Found a staircase leading out of the dungeon.
You see here the Orb of Zot.
You pick up the Orb of Zot!
The Orb lets out a hideous shriek!
The lords of Pandemonium are not amused.
Beware!
Cheibriados tells them not to hurry.
Now all you have to do is get back out of the dungeon!
There is a staircase leading out of the dungeon here.
You can't go down here!
Unknown command.
You have escaped!

.[..........▓.....†.......▓...8©8
.[).).......▓.............▓..[).|
..)).))[)...▓.............▓....[.
...)........▓.............▓......
..))........▓......©......▓......
...)).......▓▓▓▓▓▓▓▓▓▓▓▓▓▓▓......
▓.†††...▓...▓8888888888888▓......
▓▓.....▓▓ .▓8...........8▓..▓...
▓.......▓...▓8..@.....©..8▓.▓))).
............▓8...........8▓....©.
....©....PP.▓8888888888888▓▓▓▓▓▓▓
▓▓▓▓▓▓▓▓▓▓▓▓▓▓▓▓▓▓▓▓▓▓▓▓▓▓▓▓▓▓▓▓▓
.....8©8........▓........8©8.....
=:)).[[)..:::)..▓.))|.=[|).)...?.
}).))}||.)).[.[.▓...|..|[[)[[)[[}
.|:=)|:.)).))...▓.}[.)|)})||.=):|
)..†)†.†.)......▓.......|))=.....


There were no monsters in sight!

Vanquished Creatures
  An orb of fire (D)
  Saint Roka (D)
  A golden dragon (D)
  A pandemonium lord (D)
  Nikola (D)
  7 electric golems (D)
  12 Orb Guardians (D)
  A lich (D)
  6 titans (D)
  3 acid blobs (D)
  Polyphemus (D)
  2 thorn hunters (D)
  Agnes (D)
  Gastronok (D)
  5 nagarajas (D)
  2 daevas (D)
  Donald (D)
  Roxanne (D)
  10 storm dragons (D)
  An azure jelly (D)
  6 ghost moths (D)
  Aizul (D)
  2 balrugs (D)
  An angel (D)
  4 reapers (D)
  A draconian annihilator (D)
  11 spriggan defenders (D)
  A draconian stormcaller (D)
  2 apis (D)
  3 green draconians (D)
  2 deep elf demonologists (D)
  An entropy weaver (D)
  5 purple draconians (D)
  2 spark wasps (D)
  5 black draconians (D)
  5 red draconians (D)
  4 dire elephants (D)
  A lorocyproca (D)
  6 yellow draconians (D)
  2 white draconians (D)
  Snorg (D)
  5 death oozes (D)
  A great orb of eyes (D)
  A fire dragon (D)
  Harold (D)
  2 ice dragons (D)
  7 naga warriors (D)
  2 hydras (D)
  20 spriggan air magi (D)
  4 anacondas (D)
  3 two-headed ogres (D)
  4 dancing weapons (D)
  7 hell hogs (D)
  6 spriggan berserkers (D)
  6 large abominations (D)
  3 thrashing horrors (D)
  A spriggan (D)
  3 deep elf knights (D)
  2 hell knights (D)
  A wretched star (D)
  A sun demon (D)
  A sixfirhy (D)
  3 spriggan druids (D)
  An unseen horror (D)
  A cherub (D)
  A glowing orange brain (D)
  3 flayed ghosts (D)
  3 deep elf archers (D)
  Pikel (D)
  A swamp dragon (D)
  8 wolf spiders (D)
  3 deep elf magi (D)
  2 worldbinders (D)
  A cyclops (D)
  A shining eye (D)
  4 orb spiders (D)
  9 moths of wrath (D)
  2 eyes of devastation (D)
  Maurice (D)
  3 black mambas (D)
  A black mamba (shapeshifter) (D)
  3 guardian serpents (D)
  A smoke demon (D)
  5 naga magi (D)
  5 hellions (D)
  A torpor snail (D)
  Joseph (D)
  A spiny frog (D)
  2 dryads (D)
  2 yaktaurs (D)
  3 demonic crawlers (D)
  2 tormentors (D)
  3 red devils (D)
  16 wind drakes (D)
  6 jumping spiders (D)
  A hornet (shapeshifter) (D)
  A troll (D)
  12 hornets (D)
  12 slime creatures (D)
  A raiju (D)
  6 flying skulls (D)
  6 redbacks (D)
  9 air elementals (D)
  4 tarantellas (D)
  5 wraiths (D)
  5 shadows (D)
  2 yaks (D)
  Eustachio (D)
  3 golden eyes (D)
  3 small abominations (D)
  10 insubstantial wisps (D)
  A steam dragon (D)
  4 nagas (D)
  Edmund (D)
  4 water moccasins (D)
  4 hell hounds (D)
  A porcupine (D)
  A floating eye (D)
  2 swamp drakes (D)
  Duvessa (D)
  An eye of draining (D)
  A phantom (D)
  3 necrophages (D)
  3 centaurs (D)
  An ogre (D)
  2 wolves (D)
  A bullfrog (D)
  An earth elemental (D)
  2 wights (D)
  A crimson imp (D)
  8 jellies (D)
  Crazy Yiuf (D)
  Ijyb (D)
  Jessica (D)
  2 river rats (D)
  2 adders (D)
  A white imp (D)
  3 oozes (D)
  4 adder zombies (D)
  6 adder skeletons (D)
  3 orcs (D)
  4 bat skeletons (D)
  7 bat zombies (D)
  2 jackals (D)
  6 ball pythons (D)
  2 ball python skeletons (D)
  A ball python zombie (D)
  3 giant cockroach zombies (D)
  A jackal skeleton (D)
  2 jackal zombies (D)
  A leopard gecko skeleton (D)
  2 leopard gecko zombies (D)
  A quokka skeleton (D)
  A quokka zombie (D)
  A butterfly (D)
488 creatures vanquished.

Vanquished Creatures (collateral kills)
  A balrug (D)
  Azrael (D)
  A hell knight (D)
  A shining eye (D)
  2 oklob plants (D)
  A hellion (D)
  A swamp drake (D)
  A necrophage (D)
  A ball python (D)
10 creatures vanquished.

Vanquished Creatures (others)
  Frances (D)
  A yaktaur captain (D)
  Erica (D)
  A deep elf knight (D)
  Nergalle (D)
  A cyclops (D)
  A yaktaur (D)
  Sigmund (D)
  A naga (D)
  A centaur (D)
  Blork the orc (D)
  A bat skeleton (D)
  A lurking horror (D)
13 creatures vanquished.

Grand Total: 511 creatures vanquished

Notes
Turn   | Place    | Note
-------+----------+-------------------------------------------
     0 | D        | Found the +6 Majin-Bo {vamp, Archmagi MP+6 Int+6}
     0 | D        | Found the +7 great mace "Firestarter" {inner flame, rF++}
     0 | D        | inmateoo the Naga Transmuter began the quest for the Orb.
     0 | D        | Reached XP level 1. HP: 18/18 MP: 3/3
     0 | D        | Found a blossoming altar of Fedhas.
     1 | D        | Found a deep blue altar of Sif Muna.
     1 | D        | Found a sacrificial altar of Ru.
     1 | D        | Found a bloodstained altar of Trog.
     1 | D        | Found a stormy altar of Qazlal.
     1 | D        | Found an iron altar of Okawaru.
     1 | D        | Found a sparkling altar of Nemelex Xobeh.
     3 | D        | Found a transporter.
     3 | D        | Found an ancient bone altar of Kikubaaqudgha.
     3 | D        | Found a viscous altar of Jiyva.
     3 | D        | Found a corrupted altar of Lugonu.
     3 | D        | Found a hazy altar of Hepliaklqana.
     3 | D        | Found a burning altar of Makhleb.
     3 | D        | Found an opulent altar of Gozag.
    33 | D        | Found the +9 heavy crossbow "Sniper" {velocity, Acc+∞ SInv}
    33 | D        | Found the +10 dark maul {crush}
    33 | D        | Found the +15 Maxwell's patent armour {-Cast -Tele rElec
                  | MR+ rCorr}
    33 | D        | Found the +18 shield of the Gong {rElec rN+ MR+ EV-5}
    33 | D        | Found the cursed +14 obsidian axe {chop, +Fly SInv *Curse}
    37 | D        | Found the +6 shillelagh "Devastator" {shatter}
    37 | D        | Found the +11 plutonium sword {*Contam Stlth-}
    37 | D        | Found the +8 lance "Wyrmbane" {slay drac, rPois rF+ rC+
                  | AC+3}
    37 | D        | Found the +9 sword of Zonguldrok {reap}
    37 | D        | Found the cursed +13 scythe of Curses {drain, *Curse}
    37 | D        | Found the +0 sword of Power
    37 | D        | Found the +7 mace of Variability {chain chaos}
    37 | D        | Found the +7 Singing Sword {slice, sonic wave}
    37 | D        | Found the +7 longbow "Piercer" {penet, EV-2}
    78 | D        | Became a worshipper of Cheibriados the Contemplative
    96 | D        | Entered arena 2.
    96 | D        | Noticed a porcupine
    96 | D        | Found a transporter.
   100 | D        | Reached XP level 2. HP: 19/37 MP: 5/5
   103 | D        | Reached skill level 1 in Invocations
   105 | D        | Killed a porcupine
   105 | D        | Reached XP level 3. HP: 14/45 MP: 5/7
   105 | D        | Reached XP level 4. HP: 17/54 MP: 6/9
   105 | D        | Reached XP level 5. HP: 20/61 MP: 6/10
   308 | D        | Entered arena 3.
   308 | D        | Found a transporter.
   311 | D        | Reached * piety under Cheibriados
   313 | D        | Reached ** piety under Cheibriados
   327 | D        | Entered arena 4.
   327 | D        | Noticed a centaur
   327 | D        | Noticed a yaktaur
   327 | D        | Noticed a centaur
   327 | D        | Noticed a yaktaur
   327 | D        | Found a transporter.
   330 | D        | Killed a centaur
   330 | D        | Reached skill level 2 in Polearms
   330 | D        | Reached skill level 1 in Armour
   330 | D        | Reached skill level 1 in Shields
   330 | D        | Killed a yaktaur
   330 | D        | Reached skill level 5 in Polearms
   330 | D        | Reached XP level 6. HP: 61/70 MP: 10/12
   330 | D        | Reached XP level 7. HP: 66/76 MP: 10/13
   331 | D        | Reached *** piety under Cheibriados
   333 | D        | Killed a yaktaur
   333 | D        | Reached skill level 6 in Polearms
   350 | D        | Got the Incunabulum of Attacks and Ice
   356 | D        | Entered arena 5.
   356 | D        | Noticed a golden eye
   356 | D        | Found a transporter.
   357 | D        | Killed a golden eye
   357 | D        | Reached skill level 10 in Invocations
   357 | D        | Reached XP level 8. HP: 86/86 MP: 15/15
   357 | D        | Reached **** piety under Cheibriados
   359 | D        | Reached skill level 10 in Fighting
   376 | D        | Entered arena 6.
   376 | D        | Noticed a two-headed ogre
   376 | D        | Noticed a two-headed ogre
   376 | D        | Noticed a troll
   376 | D        | Noticed a two-headed ogre
   376 | D        | Found a transporter.
   378 | D        | Killed a troll
   378 | D        | Reached ***** piety under Cheibriados
   378 | D        | Reached skill level 7 in Polearms
   378 | D        | Reached skill level 1 in Evocations
   381 | D        | Killed a two-headed ogre
   381 | D        | Reached skill level 8 in Polearms
   381 | D        | Reached skill level 5 in Dodging
   381 | D        | Reached XP level 9. HP: 94/94 MP: 15/17
   384 | D        | Killed a two-headed ogre
   384 | D        | Reached skill level 9 in Polearms
   384 | D        | Reached skill level 5 in Armour
   384 | D        | Reached skill level 5 in Shields
   393 | D        | Killed a two-headed ogre
   401 | D        | Entered arena 7.
   401 | D        | Noticed a naga mage
   417 | D        | Killed a naga mage
   417 | D        | Reached ****** piety under Cheibriados
   417 | D        | Reached skill level 10 in Polearms
   417 | D        | Reached XP level 10. HP: 61/104 MP: 19/19
   425 | D        | Found a transporter.
   605 | D        | Entered arena 8.
   605 | D        | Noticed a cyclops
   605 | D        | Noticed a yaktaur captain
   605 | D        | Noticed a cyclops
   608 | D        | Killed a cyclops
   608 | D        | Reached skill level 5 in Evocations
   608 | D        | Killed a yaktaur captain
   609 | D        | Found a transporter.
   609 | D        | Killed a cyclops
   609 | D        | Reached skill level 11 in Polearms
   661 | D        | Entered arena 9.
   661 | D        | Noticed a spiny frog
   662 | D        | Found the +27 Lear's hauberk
   677 | D        | Killed a spiny frog
   678 | D        | Found a transporter.
   716 | D        | Entered arena 10.
   716 | D        | Noticed a deep elf knight
   716 | D        | Noticed a +2 dire flail of protection
   716 | D        | Noticed a deep elf mage
   716 | D        | Noticed a deep elf knight
   716 | D        | Noticed a deep elf mage
   716 | D        | Noticed a deep elf knight
   716 | D        | Noticed a deep elf archer
   716 | D        | Noticed a deep elf mage
   720 | D        | Killed a +2 dire flail of protection
   720 | D        | Reached XP level 11. HP: 98/114 MP: 21/21
   720 | D        | Killed a deep elf mage
   720 | D        | Killed a deep elf knight
   722 | D        | Killed a deep elf mage
   722 | D        | Killed a deep elf knight
   722 | D        | Reached skill level 12 in Polearms
   728 | D        | Killed a deep elf knight
   729 | D        | Found a transporter.
   730 | D        | Killed a deep elf mage
   731 | D        | Killed a deep elf archer
   745 | D        | Got the amulet of Qufadd {rF+ Regen+ Str+2 Slay+5}
   768 | D        | Got Sif Muna's Papyrus of the Oath and Augmentations
   779 | D        | Entered arena 11.
   779 | D        | Noticed a deep elf archer
   779 | D        | Noticed a deep elf demonologist
   779 | D        | Noticed a +4 vampiric glaive
   779 | D        | Noticed a +0 scimitar of protection
   779 | D        | Noticed a deep elf demonologist
   779 | D        | Noticed a deep elf archer
   779 | D        | Noticed a +2 battleaxe of freezing
   779 | D        | Noticed a deep elf knight
   780 | D        | Identified the +7 whip of the Lamprey {speed, rC++}
   782 | D        | Noticed a Tzitzimitl
   782 | D        | Noticed a Brimstone Fiend
   782 | D        | Killed a +0 scimitar of protection
   782 | D        | Killed a +2 battleaxe of freezing
   782 | D        | Reached skill level 15 in Invocations
   783 | D        | Found a transporter.
   784 | D        | Killed a +4 vampiric glaive
   784 | D        | Killed a deep elf archer
   784 | D        | Killed a deep elf knight
   784 | D        | Reached skill level 13 in Polearms
   785 | D        | Killed a deep elf demonologist
   785 | D        | Reached XP level 12. HP: 60/123 MP: 13/23
   786 | D        | Killed a deep elf demonologist
   847 | D        | Got the ring "Ypti" {rCorr +Fly rF- rC++ Stlth+}
   859 | D        | Entered arena 12.
   859 | D        | Noticed an ice dragon
   859 | D        | Noticed an ice dragon
   859 | D        | Noticed a fire dragon
   859 | D        | Noticed a seven-headed hydra
   860 | D        | Found the macabre finger necklace {rN+}
   860 | D        | Noticed a five-headed hydra
   869 | D        | Killed a seven-headed hydra
   877 | D        | Killed an ice dragon
   883 | D        | Killed a five-headed hydra
   895 | D        | Killed a fire dragon
   895 | D        | Reached skill level 14 in Polearms
   895 | D        | Reached skill level 5 in Spellcasting
   897 | D        | Killed an ice dragon
   903 | D        | Found a transporter.
   936 | D        | Got the amulet of Altruism {RegenMP rPois rF- Int+4 SInv}
   946 | D        | Entered arena 13.
   946 | D        | Noticed an angel
   946 | D        | Noticed a daeva
   952 | D        | Noticed a daeva
   958 | D        | Killed an angel
   962 | D        | Killed a daeva
   974 | D        | Killed a daeva
   974 | D        | Gained mutation: You can use your snake-like lower body to
                  | constrict enemies. [Naga growth]
   974 | D        | Reached XP level 13. HP: 13/133 MP: 6/25
   987 | D        | Found a transporter.
  1036 | D        | Got the ring of the Exiled Spirits {+Fly rC+}
  1107 | D        | Got the Tome of the Voyage
  1115 | D        | Learned a level 5 spell: Borgnjor's Vile Clutch
  1117 | D        | Entered arena 14.
  1118 | D        | Noticed a death ooze
  1118 | D        | Noticed a great orb of eyes
  1118 | D        | Noticed an acid blob
  1119 | D        | Noticed a death ooze
  1123 | D        | Killed a death ooze
  1123 | D        | Reached skill level 1 in Necromancy
  1126 | D        | Killed a great orb of eyes
  1126 | D        | Reached skill level 1 in Earth Magic
  1130 | D        | Killed an acid blob
  1130 | D        | Reached skill level 15 in Polearms
  1130 | D        | Reached skill level 10 in Evocations
  1131 | D        | Killed a death ooze
  1142 | D        | Found a transporter.
  1149 | D        | Got the Catalogue of Gliding Changing
  1168 | D        | Learned a level 2 spell: Blink
  1174 | D        | Learned a level 5 spell: Summon Forest
  1196 | D        | Entered arena 15.
  1197 | D        | Noticed a storm dragon
  1197 | D        | Noticed a storm dragon
  1198 | D        | Noticed a storm dragon
  1199 | D        | Noticed a titan
  1200 | D        | Killed a storm dragon
  1200 | D        | Killed a storm dragon
  1200 | D        | Reached skill level 10 in Dodging
  1201 | D        | Killed a storm dragon
  1203 | D        | Found a transporter.
  1213 | D        | Killed a titan
  1213 | D        | Reached skill level 10 in Armour
  1213 | D        | Reached skill level 10 in Shields
  1232 | D        | Got the Tome of Supportive Clay
  1279 | D        | Got the cursed +3 hand axe of Kismet {venom, *Rage rPois
                  | MR+++ Str-3}
  1282 | D        | Entered arena 16.
  1283 | D        | Noticed Harold
  1283 | D        | Noticed Nikola
  1283 | D        | Noticed Sigmund
  1283 | D        | Noticed Ijyb
  1283 | D        | Noticed Edmund
  1283 | D        | Noticed Jessica
  1283 | D        | Noticed Aizul
  1283 | D        | Noticed Blork the orc
  1283 | D        | Noticed Erica
  1284 | D        | Killed Ijyb
  1285 | D        | Noticed Frances
  1285 | D        | Noticed Nergalle
  1287 | D        | Killed Sigmund
  1289 | D        | Killed Edmund
  1291 | D        | Killed Jessica
  1297 | D        | Killed Harold
  1297 | D        | Reached skill level 5 in Transmutations
  1300 | D        | Killed Aizul
  1300 | D        | Reached skill level 16 in Polearms
  1300 | D        | Reached XP level 14. HP: 78/144 MP: 27/27
  1301 | D        | Killed Erica
  1301 | D        | Reached skill level 5 in Necromancy
  1301 | D        | Killed Frances
  1303 | D        | Killed Nergalle
  1303 | D        | Killed Blork the orc
  1312 | D        | Killed Nikola
  1312 | D        | Reached skill level 5 in Earth Magic
  1319 | D        | Noticed Roxanne
  1321 | D        | Found a transporter.
  1515 | D        | Killed Roxanne
  1538 | D        | Got Celedor's Grimoire of Evil and Poison
  1540 | D        | Got the cursed +0 helmet "Eriv Suu" {rC+ rN++}
  1561 | D        | Got the Collected Works on Dislocation and Air
  1583 | D        | Entered arena 17.
  1611 | D        | Found a transporter.
  1620 | D        | Got Attauptem's Disquisition on Earthen Toxins
  1644 | D        | Entered arena 18.
  1651 | D        | Noticed Snorg
  1651 | D        | Noticed Joseph
  1651 | D        | Noticed Gastronok
  1651 | D        | Noticed Donald
  1651 | D        | Noticed Maurice
  1651 | D        | Noticed Duvessa
  1651 | D        | Noticed Polyphemus
  1651 | D        | Noticed Saint Roka
  1651 | D        | Noticed Crazy Yiuf
  1651 | D        | Noticed Azrael
  1651 | D        | Noticed Agnes
  1651 | D        | Noticed Pikel
  1651 | D        | Noticed Eustachio
  1659 | D        | Killed Agnes
  1659 | D        | Killed Eustachio
  1665 | D        | Killed Snorg
  1667 | D        | Killed Joseph
  1670 | D        | Killed Pikel
  1677 | D        | Killed Maurice
  1681 | D        | Killed Polyphemus
  1688 | D        | Killed Donald
  1694 | D        | Killed Azrael
  1694 | D        | Reached skill level 17 in Polearms
  1696 | D        | Killed Crazy Yiuf
  1701 | D        | Killed Gastronok
  1720 | D        | Killed Saint Roka
  1723 | D        | Killed Duvessa
  1732 | D        | Found a transporter.
  1742 | D        | Got the Tome of Toxic Ice
  1771 | D        | Entered arena 19.
  1783 | D        | Learned a level 9 spell: Tornado
  1785 | D        | Noticed a reaper
  1787 | D        | Found the +8 whip "Snakebite" {curare, rPois}
  1788 | D        | Reached skill level 15 in Fighting
  1788 | D        | Reached skill level 1 in Air Magic
  1800 | D        | Killed a reaper
  1800 | D        | Reached XP level 15. HP: 131/154 MP: 19/28
  1802 | D        | Found a transporter.
  1813 | D        | Got the ring "Ubboish" {rC+ Dex+6}
  1836 | D        | Got the Disquisition on the Oath
  1848 | D        | Entered arena 20.
  1853 | D        | Noticed a thorn hunter
  1854 | D        | Found the +1 cloak of Starlight {rElec rC+ EV+4 Stlth--}
  1854 | D        | Identified the amulet of Jeffug {rPois rN+ Regen+ Str-2}
  1855 | D        | Reached skill level 5 in Air Magic
  1855 | D        | Reached skill level 18 in Polearms
  1855 | D        | Reached skill level 10 in Spellcasting
  1861 | D        | Killed a thorn hunter
  1910 | D        | Found a transporter.
  1956 | D        | Got the +11 plate armour of Hoibe {Str+4}
  1982 | D        | Entered arena 21.
  1987 | D        | Noticed an acid blob
  1987 | D        | Noticed an azure jelly
  1988 | D        | Noticed an acid blob
  1990 | D        | Killed an azure jelly
  1990 | D        | Killed an acid blob
  1991 | D        | Reached skill level 19 in Polearms
  1991 | D        | Killed an acid blob
  1991 | D        | Reached skill level 10 in Earth Magic
  1991 | D        | Reached skill level 10 in Air Magic
  1993 | D        | Found a transporter.
  2066 | D        | Entered arena 22.
  2070 | D        | Identified the amulet "Dobianeah" {Reflect rF+ SH+3}
  2075 | D        | Reached XP level 16. HP: 153/166 MP: 25/31
  2075 | D        | Identified the amulet of Relativism {*Contam +Rage Dex+3}
  2075 | D        | Noticed a thorn hunter
  2079 | D        | Reached skill level 20 in Polearms
  2091 | D        | Killed a thorn hunter
  2099 | D        | Found a transporter.
  2130 | D        | Entered arena 23.
  2136 | D        | Noticed Kifuibla the pandemonium lord
  2137 | D        | Noticed a lich
  2140 | D        | Reached skill level 15 in Shields
  2141 | D        | Noticed a Tzitzimitl
  2143 | D        | Reached skill level 21 in Polearms
  2146 | D        | Killed a lich
  2148 | D        | Noticed an Ice Fiend
  2149 | D        | Killed Kifuibla the pandemonium lord
  2153 | D        | Found a transporter.
  2179 | D        | Got the +4 rapier of Gehenna {speed, rC+ SInv}
  2184 | D        | Got Sif Muna's Collected Works on the Torrid Birds
  2192 | D        | Got the Handbook of Icy Stolen Souls
  2196 | D        | Got Sif Muna's Guide on Calling and Flight
  2210 | D        | Got the Tome of Flames and Attacks
  2223 | D        | Learned a level 6 spell: Deflect Missiles
  2224 | D        | Entered arena 24.
  2230 | D        | Noticed a nagaraja
  2231 | D        | Noticed a nagaraja
  2233 | D        | Noticed a nagaraja
  2238 | D        | Noticed a nagaraja
  2239 | D        | Noticed a nagaraja
  2244 | D        | Reached skill level 15 in Air Magic
  2252 | D        | Reached XP level 17. HP: 84/178 MP: 19/34
  2254 | D        | Reached skill level 22 in Polearms
  2273 | D        | Found a transporter.
  2309 | D        | Got Docatwy's Tome of Earthen Good Luck
  2316 | D        | Got the ring "Ennog" {+Fly rPois rC- Str+2 Slay+4 SInv}
  2328 | D        | Got the Disquisition on the Escort and Curses
  2335 | D        | Got Cukhlucyi's Second Course in Wizardry
  2337 | D        | Got Dedi's Reference Book on Transmutation and
                  | Weightlessness
  2380 | D        | Entered arena 25.
  2387 | D        | Noticed an Orb Guardian
  2387 | D        | Noticed an Orb Guardian
  2387 | D        | Noticed an Orb Guardian
  2387 | D        | Noticed a golden dragon
  2387 | D        | Noticed an Orb Guardian
  2387 | D        | Noticed an Orb Guardian
  2387 | D        | Noticed an Orb Guardian
  2387 | D        | Noticed an Orb Guardian
  2388 | D        | Noticed an orb of fire
  2388 | D        | Noticed an Orb Guardian
  2389 | D        | Killed an Orb Guardian
  2389 | D        | Killed an Orb Guardian
  2389 | D        | Killed an Orb Guardian
  2389 | D        | Killed an Orb Guardian
  2389 | D        | Killed an Orb Guardian
  2389 | D        | Killed an Orb Guardian
  2389 | D        | Noticed an Orb Guardian
  2390 | D        | Reached skill level 23 in Polearms
  2390 | D        | Killed an Orb Guardian
  2390 | D        | Killed an Orb Guardian
  2390 | D        | Noticed an Orb Guardian
  2393 | D        | Killed an orb of fire
  2393 | D        | Reached skill level 15 in Spellcasting
  2393 | D        | Reached skill level 15 in Earth Magic
  2395 | D        | Reached XP level 18. HP: 97/192 MP: 18/37
  2395 | D        | Reached skill level 24 in Polearms
  2395 | D        | Killed an Orb Guardian
  2396 | D        | Killed a golden dragon
  2396 | D        | Killed an Orb Guardian
  2402 | D        | Reached skill level 25 in Polearms
  2403 | D        | Noticed an Orb Guardian
  2406 | D        | Noticed an Orb Guardian
  2411 | D        | Killed an Orb Guardian
  2423 | D        | Killed an Orb Guardian
  2450 | D        | Found a transporter.
  2476 | D        | Got Cerugual's Papyrus of Entrancing Shape Shifting
  2509 | D        | Got the +0 hat of Hopscotch {rF+++ rCorr Dex-2}
  2517 | D        | Entered arena 26.
  2526 | D        | Noticed an electric golem
  2526 | D        | Noticed an electric golem
  2526 | D        | Noticed a titan
  2526 | D        | Noticed an electric golem
  2526 | D        | Noticed an electric golem
  2526 | D        | Noticed an electric golem
  2526 | D        | Noticed a titan
  2526 | D        | Noticed a titan
  2527 | D        | Noticed an electric golem
  2527 | D        | Noticed a titan
  2529 | D        | Killed an electric golem
  2529 | D        | Killed an electric golem
  2529 | D        | Killed an electric golem
  2529 | D        | Killed an electric golem
  2529 | D        | Killed an electric golem
  2530 | D        | Reached skill level 26 in Polearms
  2530 | D        | Reached XP level 19. HP: 94/205 MP: 23/40
  2531 | D        | Killed an electric golem
  2532 | D        | Identified the +10 lajatang "Tattletale" {elec, *Noise
                  | Str+4 Stlth+}
  2532 | D        | Identified the ring "Hewox" {rPois Str+3}
  2532 | D        | Noticed an electric golem
  2538 | D        | Killed an electric golem
  2544 | D        | Found the +10 Black Knight's horse barding {ponderous,
                  | rPois rN+}
  2567 | D        | Found a transporter.
  2571 | D        | Found the +7 lajatang of Order {silver, rMut}
  2602 | D        | Got Nisch's Early Guide to Sorcery
  2604 | D        | Got Vihustig's Compendium of Warped Evil
  2620 | D        | Entered arena 27.
  2634 | D        | Reached skill level 27 in Polearms
  2634 | D        | Reached skill level 15 in Armour
  2651 | D        | HP: 10/208 [balrug/divine providence (11)]
  2679 | D        | Found a transporter.
  2700 | D        | Got the Compendium of Enthralling Illusion
  2729 | D        | Got the Compendium of Assistive Contamination
  2783 | D        | Learned a level 4 spell: Summon Lightning Spire
  2787 | D        | Learned a level 3 spell: Regeneration
  2794 | D        | Learned a level 6 spell: Statue Form
  2798 | D        | Learned a level 3 spell: Spectral Weapon
  2808 | D        | Learned a level 9 spell: Shatter
  2811 | D        | Entered arena 28.
  2855 | D        | Found the cursed necklace of Bloodlust {*Rage +Rage MR++
                  | Int-3 Slay+6 *Curse}
  2855 | D        | Found a transporter.
  2870 | D        | Got the ring of the Postmodern Suns {rC+ rN+ AC+3}
  2883 | D        | Got the ring of Tosurr {rElec Str-4 Int+9 Stlth-}
  2918 | D        | Got the Orb of Zot
  2923 | D        | Escaped with the Orb!

Skill      XL: |  1  2  3  4  5  6  7  8  9 10 11 12 13 14 15 16 17 18 19 |
---------------+----------------------------------------------------------+-----
Fighting       | 7 8 9 10 11 12 13 14 15 16 17 19 20 22 | 22.5
Invocations    | 6 8 10 11 12 13 15 16 18 19 20 | 20.0
Polearms       | 5 6 8 10 11 13 14 16 17 19 21 23 26 27 | 27.0
Armour         | 2 3 4 5 6 8 9 10 11 12 16 | 16.2
Dodging        | 3 4 5 6 7 8 9 10 11 | 11.0
Shields        | 2 3 4 5 6 8 9 10 11 13 16 18 20 23 | 23.0
Evocations     | 2 4 6 8 9 10 12 | 12.0
Spellcasting   | 3 6 7 9 11 13 15 17 18 | 18.9
Necromancy     | 4 7 |  7.4
Earth Magic    | 4 7 10 13 15 17 19 | 19.5
Transmutations | 5 7 |  7.4
Air Magic      | 2 11 15 18 21 24 | 24.5
Unarmed Combat | |  3.0

Action                   |  1- 3 |  4- 6 |  7- 9 | 10-12 | 13-15 | 16-18 | 19-21 || total
-------------------------+-------+-------+-------+-------+-------+-------+-------++-------
Melee: Lance             |     7 |     4 |    26 |   103 |   175 |    87 |    56 ||   458
       Constrict         |       |       |       |       |    15 |     7 |     4 ||    26
 Cast: Borgnjor's Vile C |       |       |       |       |       |     3 |       ||     3
Invok: Slouch            |       |       |       |     7 |    14 |    18 |    10 ||    49
Evoke: Wand              |       |     3 |     2 |     3 |       |     3 |       ||    11
       Lamp of fire      |       |     1 |     4 |     6 |     6 |     4 |     2 ||    23
       Phial of floods   |       |       |     1 |     1 |     6 |       |     1 ||     9
       Box of beasts     |       |       |       |     1 |       |       |       ||     1
  Use: Potion            |     1 |       |       |       |       |     1 |     1 ||     3
       Scroll            |       |       |       |       |     7 |       |     1 ||     8
 Stab: Confused          |       |       |       |     1 |       |       |       ||     1
       Distracted        |       |       |       |       |     2 |       |       ||     2
  Eat: Chunk             |       |       |       |       |     2 |     2 |     2 ||     6
       Ration            |       |       |       |       |     1 |       |     1 ||     2
Armor: Gold dragon scale |     2 |       |    13 |    88 |    26 |    52 |    75 ||   256
Dodge: Dodged            |       |       |     1 |    25 |    12 |    36 |    41 ||   115
Block: Shield            |    12 |     9 |    52 |   203 |   122 |   124 |   148 ||   670
       Reflection        |       |       |     3 |    20 |       |       |       ||    23
